 Dungeon Crawl Stone Soup version 0.30-a0-368-g86fb4627a9 (webtiles) character file.

Game seed: 406519611062066325

260 bande the Covered (level 6, -1/38 HPs)
             Began as a Gargoyle Fighter on Nov 20, 2022.
             Slain by a gnoll
             ... wielding a +0 flail
             ... led by a gnoll bouda
              (3 damage)
             ... on level 4 of the Dungeon.
             The game lasted 00:03:42 (2394 turns).

bande the Covered (Gargoyle Fighter)                Turns: 2394, Time: 00:03:43

Health: -1/38      AC: 14    Str: 19    XL:     6   Next: 17%
Magic:  6/6        EV:  9    Int:  9    God:
Gold:   170        SH:  4    Dex: 11    Spells: 5/5 levels left

rFire   . . .      SeeInvis .    a - +0 war axe
rCold   . . .      Faith    .    c - +0 buckler
rNeg    + + .      Spirit   .    b - +0 scale mail
rPois   ∞          Reflect  .    f - +0 helmet
rElec   +          Harm     .    (no cloak)
rCorr   .          Rampage  .    g - +0 pair of gloves
Will    .....                    (no boots)
Stlth   ..........               (no amulet)
HPRegen 0.26/turn                e - ring of positive energy
MPRegen 0.10/turn                (no ring)

@: weakened
A: sickness immunity, AC +4, negative energy resistance 1, electricity
resistance, torment resistance 1, petrification resistance
a: no special abilities


You were on level 4 of the Dungeon.
You visited 1 branch of the dungeon, and saw 4 of its levels.

You collected 170 gold pieces.

Inventory:

Hand Weapons
 a - a +0 war axe (weapon)
Armour
 b - a +0 scale mail (worn)
 c - a +0 buckler (worn)
 f - a +0 helmet (worn)
 g - a +0 pair of gloves (worn)
Jewellery
 e - a ring of positive energy (left hand)
Scrolls
 k - 2 scrolls of teleportation
Potions
 d - 2 potions of might
 h - 2 potions of curing {unknown}
 i - a potion of ambrosia
 j - a potion of brilliance
 l - a potion of heal wounds {unknown}
 m - a potion of magic {unknown}


   Skills:
 + Level 4.1 Fighting
 + Level 4.0 Axes
 + Level 4.5 Armour
 + Level 0.3 Stealth
 + Level 4.1 Shields


You had 5 spell levels left.
You didn't know any spells.
Your spell library contained the following spells:

 Spells                   Type           Power      Damage    Failure   Level
 Blink                    Tloc           0%         N/A       92%         2
 Ensorcelled Hibernation  Hex/Ice        0%         N/A       92%         2
 Momentum Strike          Conj/Tloc      0%         3d8       92%         2
 Passwall                 Tmut/Erth      0%         N/A       92%         2
 Lesser Beckoning         Tloc           0%         N/A       99%         3
 Swiftness                Air            0%         N/A       99%         3
 Manifold Assault         Tloc           0%         N/A       100%        4
 Storm Form               Tmut/Air       0%         N/A       100%        7


Dungeon Overview and Level Annotations

Branches:
Dungeon (4/15)
 Temple: D:4-7

Altars:


Innate Abilities, Weirdness & Mutations

You are immune to sickness and miasma.
Your stone body is resilient. (AC +4)
You are immune to poison.
You resist negative energy. (rN+)
You are resistant to electric shocks. (rElec)
You are resistant to unholy torment.
You are immune to petrification.


Message History

You closely miss the gnoll bouda.
The gnoll bouda is heavily wounded.
You block the gnoll's attack.
The gnoll bouda hits you with a +0 whip!
The gnoll completely misses you. x2
You hit the gnoll bouda.
The gnoll bouda is severely wounded.
You hit the gnoll but do no damage. The gnoll hits you but does no damage.
The gnoll bouda hits you with a +0 whip.
The gnoll hits you but does no damage. x2
You hit the gnoll bouda.
You kill the gnoll bouda!
You hit the gnoll. x2; The gnoll hits you but does no damage.
The gnoll closely misses you. x3; The gnoll hits you but does no damage.
Your Axes skill increases to level 4!
Unknown command.
An orc comes into view. It is wielding a +0 short sword.
The orc shouts!
The gnoll barely misses you. The gnoll hits you with a +0 flail.
The gnoll closely misses you. The gnoll hits you but does no damage.
Things that are here:
a +0 whip; a +0 leather armour Unknown command.
You barely miss the gnoll. You slash the gnoll! You barely miss the gnoll. x2
The gnoll hits you with a +0 spear.
* * * LOW HITPOINT WARNING * * *
The gnoll hits you with a +0 flail.
* * * LOW HITPOINT WARNING * * *
The gnoll hits you with a +0 spear.
* * * LOW HITPOINT WARNING * * *
The gnoll barely misses you. The gnoll closely misses you.
Unknown command.
You barely miss the gnoll.
The gnoll is heavily wounded.
You barely miss the gnoll. You hit the gnoll. x2
You block the gnoll's attack. The gnoll closely misses you.
The gnoll hits you with a +0 whip.
* * * LOW HITPOINT WARNING * * *
You block the gnoll's attack. The gnoll hits you with a +0 flail.
You die...

.#....#..... #....#...
........... ##....#... .
......... .....#... ..
......# ####.......
...###.o..#.##...)...#
...........+.....†..<.##
#..........#+##..........
...<$##gg........#.......
........@g.......#.......
......)..g.......#.......
.................#.......
........<................
......##+###...#.........
...... #...#.......
...... #...#.......
...... #...#.(..... ...
#...#.......


You could see 4 gnolls and an orc.

Vanquished Creatures
  A scorpion (D:4)
  A gnoll bouda (D:4)
  An orc wizard (D:4)
  3 gnolls (D:2)
  4 adders
  A worm (D:3)
  A dart slug (D:2)
  2 orcs (D:4)
  4 ball pythons
  13 endoplasms
  3 giant cockroaches
  5 goblins
  11 hobgoblins
  8 kobolds
  3 quokkas
  5 bats
  3 frilled lizards
  5 rats
74 creatures vanquished.

Vanquished Creatures (others)
  A plant (D:1)
1 creature vanquished.

Grand Total: 75 creatures vanquished

Notes
Turn   | Place    | Note
-------+----------+-------------------------------------------
     0 | D:1      | bande the Gargoyle Fighter began the quest for the Orb.
     0 | D:1      | Reached XP level 1. HP: 14/14 MP: 1/1
   140 | D:1      | Reached XP level 2. HP: 19/19 MP: 2/2
   601 | D:1      | Reached XP level 3. HP: 22/23 MP: 3/3
  1103 | D:2      | Reached XP level 4. HP: 29/29 MP: 4/4
  1263 | D:2      | Found a faded altar of an unknown god.
  1741 | D:3      | Reached XP level 5. HP: 33/33 MP: 5/5
  2269 | D:4      | Reached XP level 6. HP: 8/38 MP: 6/6
  2394 | D:4      | Slain by a gnoll

Illustrated notes

Levels and vault maps discovered:
D:1:      dreamdust_arrival_beginning_and_end, layout_loops_ring,
          serial_bayou_pond_b, corexii_item_surrounded_by_moat,
          hangedman_feature_mirror
D:2:      layout_basic, chequers_ecumenical_altar_simple_redux
D:3:      layout_loops_ring, kennysheep_pointless_box
D:4:      layout_basic, kennysheep_mini_moat, chequers_mini_garden,
          nicolae_shop_overcharged_wands, uniq_ijyb, uniq_robin, uniq_pikel

Skill      XL: |  1  2  3  4  5  6 |
---------------+-------------------+-----
Axes           | 2 3 4 |  4.0
Armour         | 4 |  4.5
Shields        | 4 |  4.1
Fighting       | 4 |  4.1
Stealth        | |  0.3

Action                   |  1- 3 |  4- 6 || total
-------------------------+-------+-------++-------
Melee: War axe           |    92 |    93 ||   185
  Use: Scroll            |     4 |     5 ||     9
Armor: Scale mail        |    43 |    60 ||   103
Dodge: Dodged            |    55 |    44 ||    99
Block: Buckler           |    25 |    19 ||    44

Table legend: (Time is in decaauts)
 A = Elapsed time spent in this place.
 B = Non-inter-level travel time spent in this place.
 C = Inter-level travel time spent in this place.
 D = Time resting spent in this place.
 E = Time spent auto-exploring this place.
 F = Levels seen in this place.
 G = Mean time per level.
                   A        B        C        D        E       F      G
               +--------+--------+--------+--------+--------+-----+--------+
         Total |   2472 |   2472 |      0 |    107 |   1718 |   4 |  618.0 |
       Dungeon |   2472 |   2472 |      0 |    107 |   1718 |   4 |  618.0 |
               +--------+--------+--------+--------+--------+-----+--------+

Top non-repeatable levels by time:
     D:3: 838 daAuts
     D:1: 835 daAuts
     D:2: 716 daAuts
     D:4: 82 daAuts
